BLB
HARTFORD WHALERS @ MONTREAL EXPORTS
06/22/2059
 
TOP OF THE 1ST
Hartford Whalers batting - Pitching for Montreal Exports : LHP Hudson Bell
Pitching: LHP Hudson Bell
Batting: RHB Thomas Anderson 0-0: Called Strike
0-1: Ball
1-1: Called Strike
1-2: Strikes out swinging
Batting: RHB Reilly Wren 0-0: Foul Ball, location: 2F
0-1: Swinging Strike
0-2: Strikes out swinging
Batting: RHB Wyatt McKenney 0-0: Foul Ball, location: 2F
0-1: Ball
1-1: Ball
2-1: Ball
3-1: Base on Balls
Batting: LHB Amric Robinson 0-0: Ball
1-0: Foul Ball, location: 2F
1-1: Ball
2-1: Called Strike
2-2: Ball
3-2: Foul Ball, location: 2F
3-2: Ground out 4-3 (Groundball, 34S, EV 91.9 MPH)
Top of the 1st over - 0 runs, 0 hits, 0 errors, 1 left on base; Hartford 0 - Montreal 0
BOTTOM OF THE 1ST
Montreal Exports batting - Pitching for Hartford Whalers : RHP Kyle Hooser
Pitching: RHP Kyle Hooser
Batting: RHB Landon Zitter 0-0: Called Strike
0-1: Ball
1-1: Ground out U3 (Groundball, 3, EV 83.1 MPH)
Batting: LHB Josh Plautz 0-0: Ball
1-0: Called Strike
1-1: Ball
2-1: SINGLE (Popup, 3D, EV 50.0 MPH)
Batting: RHB Henry Miller 0-0: Called Strike
0-1: Foul Ball, location: 2F
0-2: Ball
1-2: Foul Ball, location: 2F
1-2: Foul Ball, location: 2F
1-2: SINGLE (Groundball, 6MD, EV 105.6 MPH)
Josh Plautz to second
Batting: RHB Derek Engledow 0-0: Ball
Passed Ball!
Josh Plautz to third
Henry Miller to second
1-0: Ball
2-0: Ball
3-0: Called Strike
3-1: Fly out, F3 (Line Drive, 3, EV 67.5 MPH)
Batting: RHB Kyle Levin 0-0: SINGLE (Flyball, 3D, EV 93.8 MPH)
Josh Plautz scores
Henry Miller to third
Runner from 3rd tries for Home, SAFE, throw by RF to home
Batting: RHB Al Bush 0-0: Ball
1-0: Foul Ball, location: 2F
1-1: Swinging Strike
1-2: Ball
2-2: 2-RUN HOME RUN (Flyball, 9D, EV 96.9 MPH), Distance : 373 ft
Batting: RHB Zechariah Norkus 0-0: Fly out, F6 (Popup, 6S, EV 68.8 MPH)
Bottom of the 1st over - 4 runs, 4 hits, 0 errors, 0 left on base; Hartford 0 - Montreal 4
TOP OF THE 2ND
Hartford Whalers batting - Pitching for Montreal Exports : LHP Hudson Bell
Batting: LHB Houston Yap 0-0: Foul Ball, location: 2F
0-1: Foul Ball, location: 2F
0-2: Ball
1-2: Ground out U3 (Groundball, 34, EV 101.9 MPH)
Batting: LHB Gene Grimes 0-0: Ball
1-0: Foul Ball, location: 2F
1-1: Fly out, F8 (Line Drive, 8LD, EV 109.4 MPH)
Batting: RHB Dave Babb 0-0: Ball
1-0: SINGLE (Groundball, 4MD, EV 96.2 MPH)
Batting: LHB Darrell Petty 0-0: Fly out, F7 (Flyball, 7S, EV 80.0 MPH)
Top of the 2nd over - 0 runs, 1 hit, 0 errors, 1 left on base; Hartford 0 - Montreal 4
BOTTOM OF THE 2ND
Montreal Exports batting - Pitching for Hartford Whalers : RHP Kyle Hooser
Batting: RHB Max Johnson 0-0: Called Strike
0-1: Ball
1-1: Fly out, F4 (Popup, 4, EV 63.8 MPH)
Batting: RHB Bowie Garcia 0-0: Called Strike
0-1: Swinging Strike
0-2: Strikes out swinging
Batting: RHB Landon Zitter 0-0: Called Strike
0-1: Ball
1-1: Foul Ball, location: 2F
1-2: Reached on error, E5 (Groundball, 56S, EV 81.2 MPH)
Batting: LHB Josh Plautz 0-0: Ball
1-0: Called Strike
1-1: Called Strike
1-2: Ball
2-2: Foul Ball, location: 2F
2-2: Ground out 5-3 (Groundball, 56, EV 103.1 MPH)
Bottom of the 2nd over - 0 runs, 0 hits, 1 error, 1 left on base; Hartford 0 - Montreal 4
TOP OF THE 3RD
Hartford Whalers batting - Pitching for Montreal Exports : LHP Hudson Bell
Batting: LHB Edgerrin Aouita 0-0: Ball
1-0: Ground out 5-3 (Groundball, 56, EV 90.0 MPH)
Batting: RHB Thomas Anderson 0-0: Called Strike
0-1: Ball
1-1: Swinging Strike
1-2: Strikes out swinging
Batting: RHB Reilly Wren 0-0: Ball
1-0: Called Strike
1-1: Ball
2-1: Ball
3-1: Called Strike
3-2: Base on Balls
Batting: RHB Wyatt McKenney 0-0: Ball
1-0: Ball
2-0: Ball
3-0: Called Strike
3-1: Ground out 1-3 (Groundball, 25, EV 58.1 MPH)
Top of the 3rd over - 0 runs, 0 hits, 0 errors, 1 left on base; Hartford 0 - Montreal 4
BOTTOM OF THE 3RD
Montreal Exports batting - Pitching for Hartford Whalers : RHP Kyle Hooser
Batting: RHB Henry Miller 0-0: Ball
1-0: Foul Ball, location: 2F
1-1: Ball
2-1: Ball
3-1: Called Strike
3-2: Base on Balls
Batting: RHB Derek Engledow 0-0: Ball
1-0: Ball
2-0: Called Strike
2-1: Foul Ball, location: 2F
2-2: DOUBLE (Groundball, 5L, EV 103.8 MPH)
Henry Miller to third
Runner from 3rd tries for Home, SAFE, throw by LF to home
Batting: RHB Kyle Levin 0-0: Ball
1-0: Swinging Strike
1-1: Foul Ball, location: 2F
1-2: Foul Ball, location: 2F
1-2: Foul Ball, location: 2F
1-2: Fly out, F9 (Flyball, 89D, EV 101.2 MPH)
Runner from 2nd tags up, SAFE at 3rd, no throw by RF
Batting: RHB Al Bush 0-0: Swinging Strike
0-1: Called Strike
0-2: SINGLE (Groundball, 4MD, EV 102.5 MPH)
Derek Engledow scores
Pitching: RHP Willie Kaplan
Batting: RHB Zechariah Norkus 0-0: Fly out, F6 (Popup, 4M, EV 46.2 MPH)
Batting: RHB Max Johnson 0-0: Ball
1-0: Ground out 4-3 (Groundball, 4, EV 76.2 MPH)
Bottom of the 3rd over - 2 runs, 2 hits, 0 errors, 1 left on base; Hartford 0 - Montreal 6
TOP OF THE 4TH
Hartford Whalers batting - Pitching for Montreal Exports : LHP Hudson Bell
Batting: LHB Amric Robinson 0-0: Ball
1-0: Swinging Strike
1-1: Called Strike
1-2: Foul Ball, location: 2F
1-2: Ball
2-2: Foul Ball, location: 2F
2-2: Strikes out swinging
Batting: LHB Houston Yap 0-0: Ball
1-0: DOUBLE (Line Drive, 89D, EV 102.5 MPH)
Batting: LHB Gene Grimes 0-0: Ball
1-0: Ball
2-0: Called Strike
2-1: Ground out 4-3 (Groundball, 4, EV 100.6 MPH)
Houston Yap to third
Batting: RHB Dave Babb 0-0: Ball
1-0: Called Strike
1-1: Foul Ball, location: 2F
1-2: Strikes out swinging
Top of the 4th over - 0 runs, 1 hit, 0 errors, 1 left on base; Hartford 0 - Montreal 6
BOTTOM OF THE 4TH
Montreal Exports batting - Pitching for Hartford Whalers : RHP Willie Kaplan
Batting: RHB Bowie Garcia 0-0: Ball
1-0: Called Strike
1-1: Ball
2-1: Foul Ball, location: 2F
2-2: Ball
3-2: SINGLE (Line Drive, 4MD, EV 97.5 MPH)
Batting: RHB Landon Zitter 0-0: Ball
1-0: Ball
2-0: Called Strike
2-1: Swinging Strike
2-2: Strikes out looking
Batting: LHB Josh Plautz 0-0: Ball
1-0: Ball
2-0: Foul Ball, location: 2F
2-1: Ball
3-1: Base on Balls
Bowie Garcia to second
Batting: RHB Henry Miller 0-0: Called Strike
0-1: Ball
1-1: Ball
2-1: Ball
3-1: Base on Balls
Bowie Garcia to third
Josh Plautz to second
Batting: RHB Derek Engledow 0-0: Called Strike
0-1: Ball
1-1: Ball
2-1: Called Strike
2-2: Foul Ball, location: 2F
2-2: Strikes out swinging
Batting: RHB Kyle Levin 0-0: Ball
1-0: Called Strike
1-1: Foul Ball, location: 2F
1-2: DOUBLE (Flyball, 8RXD, EV 100.6 MPH)
Bowie Garcia scores
Josh Plautz scores
Henry Miller to third
Batting: RHB Al Bush 0-0: Foul Ball, location: 2F
0-1: Swinging Strike
0-2: Strikes out swinging
Bottom of the 4th over - 2 runs, 2 hits, 0 errors, 2 left on base; Hartford 0 - Montreal 8
TOP OF THE 5TH
Hartford Whalers batting - Pitching for Montreal Exports : LHP Hudson Bell
Batting: LHB Darrell Petty 0-0: Called Strike
0-1: Ground out 6-3 (Groundball, 6, EV 87.5 MPH)
Batting: LHB Edgerrin Aouita 0-0: SINGLE (Groundball, 34S, EV 65.6 MPH) (infield hit)
Batting: RHB Thomas Anderson 0-0: Foul Ball, location: 2F
0-1: Ball
1-1: Ball
2-1: Swinging Strike
2-2: Strikes out swinging
Batting: RHB Reilly Wren 0-0: Called Strike
0-1: Ball
Edgerrin Aouita steals 2nd base
1-1: Ball
2-1: Foul Ball, location: 2F
2-2: Fly out, F7 (Line Drive, 78M, EV 89.4 MPH)
Top of the 5th over - 0 runs, 1 hit, 0 errors, 1 left on base; Hartford 0 - Montreal 8
BOTTOM OF THE 5TH
Montreal Exports batting - Pitching for Hartford Whalers : RHP Willie Kaplan
Batting: RHB Zechariah Norkus 0-0: Ball
1-0: Foul Ball, location: 2F
1-1: SINGLE (Line Drive, 89M, EV 98.8 MPH)
Batting: RHB Max Johnson 0-0: Called Strike
0-1: Ball
1-1: Ball
Zechariah Norkus steals 2nd, throwing error, E2
Zechariah Norkus to third
2-1: Called Strike
2-2: Strikes out swinging
Pitching: RHP Blake Yost
Batting: RHB Bowie Garcia 0-0: DOUBLE (Flyball, 8RXD, EV 105.6 MPH)
Zechariah Norkus scores
Batting: RHB Landon Zitter 0-0: Swinging Strike
0-1: SINGLE (Line Drive, 4D, EV 95.6 MPH)
Bowie Garcia to third
Batting: LHB Josh Plautz 0-0: Ball
1-0: Ball
2-0: Called Strike
2-1: Ball
3-1: Fly out, F7 (Flyball, 78D, EV 88.1 MPH)
Runner from 3rd tags up, SCORES, no throw by LF
Batting: RHB Henry Miller 0-0: Swinging Strike
0-1: SINGLE (Line Drive, 6MD, EV 97.5 MPH)
Landon Zitter to second
Runner from 2nd tries for 3rd, SAFE, no throw by CF
Batting: RHB Derek Engledow 0-0: Ball
1-0: Called Strike
1-1: Called Strike
1-2: Ball
2-2: Foul Ball, location: 2F
2-2: Foul Ball, location: 2F
2-2: Ground out U3 (Groundball, 3, EV 106.2 MPH)
Bottom of the 5th over - 2 runs, 4 hits, 1 error, 2 left on base; Hartford 0 - Montreal 10
TOP OF THE 6TH
Hartford Whalers batting - Pitching for Montreal Exports : LHP Hudson Bell
Batting: RHB Wyatt McKenney 0-0: Called Strike
0-1: Ball
1-1: SINGLE (Line Drive, 56D, EV 100.6 MPH)
Batting: LHB Amric Robinson 0-0: Ball
1-0: Called Strike
1-1: Called Strike
1-2: Ball
2-2: Foul Ball, location: 2F
2-2: Strikes out swinging
Batting: LHB Houston Yap 0-0: Ball
1-0: Foul Ball, location: 2F
1-1: Fly out, F9 (Flyball, 9, EV 88.1 MPH)
Batting: LHB Gene Grimes 0-0: Fly out, F7 (Line Drive, 78M, EV 94.4 MPH)
Top of the 6th over - 0 runs, 1 hit, 0 errors, 1 left on base; Hartford 0 - Montreal 10
BOTTOM OF THE 6TH
Montreal Exports batting - Pitching for Hartford Whalers : RHP Blake Yost
Batting: RHB Kyle Levin 0-0: Called Strike
0-1: Swinging Strike
0-2: Foul Ball, location: 2F
0-2: Ball
1-2: Strikes out looking
Batting: RHB Al Bush 0-0: Ball
1-0: Swinging Strike
1-1: Foul Ball, location: 2F
1-2: Foul Ball, location: 2F
1-2: Ball
2-2: Ball
3-2: Strikes out swinging
Batting: RHB Zechariah Norkus 0-0: Called Strike
0-1: Ball
1-1: Ball
2-1: Ball
3-1: Base on Balls
Batting: RHB Max Johnson 0-0: Ball
1-0: Swinging Strike
1-1: Foul Ball, location: 2F
1-2: Ball
2-2: Strikes out swinging, 2-3 out at first.
Bottom of the 6th over - 0 runs, 0 hits, 0 errors, 1 left on base; Hartford 0 - Montreal 10
TOP OF THE 7TH
Hartford Whalers batting - Pitching for Montreal Exports : LHP Hudson Bell
Batting: RHB Dave Babb 0-0: SINGLE (Line Drive, 8LS, EV 108.1 MPH)
Batting: LHB Darrell Petty 0-0: Called Strike
0-1: SINGLE (Groundball, 4D, EV 95.6 MPH)
Dave Babb to second
Batting: LHB Edgerrin Aouita 0-0: Ball
1-0: SINGLE (Line Drive, 4M, EV 98.8 MPH)
Dave Babb to third
Darrell Petty to second
Batting: RHB Thomas Anderson 0-0: Grounds into double play, 6-4-3 (Groundball, 6, EV 87.5 MPH)
Dave Babb scores
Darrell Petty to third
Batting: RHB Reilly Wren 0-0: Foul Ball, location: 2F
0-1: SINGLE (Groundball, 6S, EV 71.9 MPH) (infield hit)
Darrell Petty scores
Batting: RHB Wyatt McKenney 0-0: Called Strike
0-1: Ball
1-1: Fielders Choice at 2nd, 5-4 (Groundball, 56, EV 92.5 MPH)
Top of the 7th over - 2 runs, 4 hits, 0 errors, 1 left on base; Hartford 2 - Montreal 10
BOTTOM OF THE 7TH
Montreal Exports batting - Pitching for Hartford Whalers : RHP Blake Yost
Batting: RHB Bowie Garcia 0-0: Foul Ball, location: 2F
0-1: SINGLE (Groundball, 6MD, EV 95.0 MPH)
Pitching: RHP Dominic Hahl
Batting: RHB Landon Zitter 0-0: Grounds into double play, 3-6-3 (Groundball, 13, EV 87.5 MPH)
Batting: LHB Josh Plautz 0-0: Foul Ball, location: 2F
0-1: Ball
1-1: Ball
2-1: Ball
3-1: Called Strike
3-2: Ground out 4-3 (Groundball, 4, EV 102.5 MPH)
Bottom of the 7th over - 0 runs, 1 hit, 0 errors, 0 left on base; Hartford 2 - Montreal 10
TOP OF THE 8TH
Hartford Whalers batting - Pitching for Montreal Exports : LHP Hudson Bell
Batting: LHB Amric Robinson 0-0: Called Strike
0-1: Ball
1-1: Foul Ball, location: 2F
1-2: Ball
2-2: Fly out, F9 (Line Drive, 9LM, EV 91.9 MPH)
Pitching: RHP Ky Forbes
Batting: LHB Houston Yap 0-0: SINGLE (Groundball, 6M, EV 85.6 MPH) (infield hit)
Batting: LHB Gene Grimes 0-0: Ball
1-0: Foul Ball, location: 2F
1-1: Called Strike
1-2: Ball
2-2: Ball
3-2: Grounds into double play, 5-4-3 (Groundball, 56S, EV 81.9 MPH)
Top of the 8th over - 0 runs, 1 hit, 0 errors, 0 left on base; Hartford 2 - Montreal 10
BOTTOM OF THE 8TH
Montreal Exports batting - Pitching for Hartford Whalers : RHP Dominic Hahl
Batting: RHB Henry Miller 0-0: Ball
1-0: Called Strike
1-1: Ball
2-1: Foul Ball, location: 2F
2-2: Strikes out swinging
Batting: RHB Derek Engledow 0-0: Ball
1-0: Called Strike
1-1: Swinging Strike
1-2: Strikes out looking
Batting: RHB Kyle Levin 0-0: Called Strike
0-1: Ground out 3-1 (Groundball, 34S, EV 68.1 MPH)
Bottom of the 8th over - 0 runs, 0 hits, 0 errors, 0 left on base; Hartford 2 - Montreal 10
TOP OF THE 9TH
Hartford Whalers batting - Pitching for Montreal Exports : RHP Ky Forbes
Batting: RHB Dave Babb 0-0: Ball
1-0: SINGLE (Line Drive, 6MD, EV 104.4 MPH)
Batting: LHB Darrell Petty 0-0: Ball
1-0: Ball
2-0: Called Strike
2-1: Foul Ball, location: 2F
2-2: Foul Ball, location: 2F
2-2: 2-RUN HOME RUN (Flyball, 89XD, EV 98.8 MPH), Distance : 382 ft
Batting: LHB Edgerrin Aouita 0-0: Foul Ball, location: 2F
0-1: Fly out, F9 (Line Drive, 89S, EV 84.4 MPH)
Pinch Hitting: LHB Ian Schreiber 0-0: Ball
1-0: Called Strike
1-1: Ball
2-1: Ball
3-1: SINGLE (Groundball, 4MD, EV 104.4 MPH)
Batting: RHB Reilly Wren 0-0: Called Strike
0-1: Hit by Pitch
Ian Schreiber to second
Batting: RHB Wyatt McKenney 0-0: Called Strike
0-1: Swinging Strike
0-2: Ball
1-2: DOUBLE (Line Drive, 78M, EV 93.8 MPH)
Ian Schreiber scores
Reilly Wren to third
Pitching: RHP Eric Hendrix
Batting: LHB Amric Robinson 0-0: Swinging Strike
0-1: Called Strike
0-2: Foul Ball, location: 2F
0-2: Strikes out swinging
Batting: LHB Houston Yap 0-0: Ball
1-0: Ball
2-0: Ball
3-0: Fly out, F9 (Flyball, 9, EV 98.8 MPH)
Top of the 9th over - 3 runs, 4 hits, 0 errors, 2 left on base; Hartford 5 - Montreal 10
Thursday, March 7th , 2024 - OOTP Baseball 23.10 Build 110